 Dungeon Crawl Stone Soup version 0.26-a0-812-g31a745ddcd (webtiles) character file.

Game seed: 9246632709375274318

236587 Lanoc the Cryomancer (level 18, -3/138 HPs)
             Began as a Purple Draconian Ice Elementalist on Nov 26, 2020.
             Was a High Priest of Sif Muna.
             Slain by a fenstrider witch (13 damage)
             ... on level 4 of the Swamp on Nov 28, 2020.
             The game lasted 02:24:44 (55655 turns).

Lanoc the Cryomancer (DrIE)                        Turns: 55655, Time: 02:24:45

Health: -3/138     AC: 17    Str: 14    XL:     18   Next: 94%
Magic:  14/29      EV: 21    Int: 32    God:    Sif Muna [*****.]
Gold:   2694       SH:  5    Dex: 12    Spells: 7/24 levels left

rFire    + + .     SeeInvis +   b - staff of cold
rCold    + . .     Faith    .   (no shield)
rNeg     . . .     Spirit   .   (armour unavailable)
rPois    +         Reflect  +   D - +3 crown of Dyrovepreva {rElec Int+2 SInv}
rElec    +         Harm     .   P - +0 cloak
rCorr    .         Rampage  .   (no gloves)
MR       +++..     Clarity  +   n - +2 pair of boots {run}
Stlth    ++........             A - amulet of the Spinneret {Reflect Str+2 SH+5}
HPRegen  0.73/turn              Z - ring of wizardry
MPRegen  0.21/turn              y - ring of the Tormentor {*Contam rPois rF++ Int+8}

@: quick
A: breathe power, unfitting armour, clarity, frail 1, magic resistance 1,
regeneration 1, cold-blooded, AC +10
}: 1/15 runes: serpentine
a: Breathe Dispelling Energy, Channel Magic, Forget Spell, Divine Exegesis,
Renounce Religion


You were on level 4 of the Swamp.
You worshipped Sif Muna.
Sif Muna was extremely pleased with you.
You visited 8 branches of the dungeon, and saw 34 of its levels.
You visited 1 bazaar.
You also visited: Bailey and Ice Cave.

You collected 3793 gold pieces.
You spent 1099 gold pieces at shops.

Inventory:

Hand Weapons
 a - the cursed +14 obsidian axe {vorpal, +Fly SInv *Curse}
   (You found it on level 1 of the Swamp)

   It inflicts extra damage upon your enemies.
   It lets you see invisible.
   It lets you fly.
   It curses itself when equipped.
   It has a curse placed upon it.
Missiles
 R - 3 curare-tipped darts (quivered)
Armour
 n - a +2 pair of boots of running (worn)
 D - the +3 crown of Dyrovepreva (worn) {rElec Int+2 SInv}
   (You bought it in a shop on level 8 of the Dungeon)

   It affects your intelligence (+2).
   It insulates you from electricity.
   It lets you see invisible.
 P - a +0 cloak (worn)
Magical Staves
 b - an uncursed staff of cold (weapon)
Jewellery
 y - the ring of the Tormentor (right hand) {*Contam rPois rF++ Int+8}
   (You found it on level 7 of the Dungeon)

   [ring of poison resistance]

   It affects your intelligence (+8).
   It greatly protects you from fire.
   It protects you from poison.
   It causes magical contamination when unequipped.
 A - the amulet of the Spinneret (around neck) {Reflect Str+2 SH+5}
   (You acquired it on level 3 of the Snake Pit)

   [amulet of reflection]

   It shields you and reflects attacks.
   It affects your strength (+2).
   It affects your SH (+5).
 B - an uncursed ring of positive energy
 M - an uncursed ring of protection from magic
 T - an uncursed ring of resist corrosion
 X - an uncursed ring of ice
 Z - a ring of wizardry (left hand)
Wands
 j - a wand of acid (9)
 m - a wand of disintegration (10)
 J - a wand of flame (73)
 Q - a wand of iceblast (10)
 U - a wand of digging (5)
Scrolls
 d - 8 scrolls of teleportation
 e - 8 scrolls of enchant weapon
 h - a scroll of enchant armour
 i - 2 scrolls of fear
 k - 2 scrolls of blinking
 r - 14 scrolls of immolation
 s - 4 scrolls of amnesia
 t - 8 scrolls of magic mapping
 u - 7 scrolls of identify
 v - 19 scrolls of remove curse
 w - a scroll of summoning
 z - a scroll of brand weapon
 I - a scroll of holy word
 L - a scroll of silence
 V - 6 scrolls of fog
Potions
 c - 12 potions of curing
 f - 5 potions of berserk rage
 g - 4 potions of magic
 l - 4 potions of resistance
 o - 3 potions of attraction
 p - 2 potions of heal wounds
 q - 7 potions of brilliance
 C - 3 potions of ambrosia
 F - 4 potions of haste
 G - 3 potions of flight
 H - a potion of cancellation
 K - a potion of might
 O - a potion of mutation
 W - a potion of lignification
Miscellaneous
 x - a lightning rod (4/4)
 E - a box of beasts
 S - a tin of tremorstones (2/2)
 Y - a phial of floods


   Skills:
 + Level 12.1 Fighting
 + Level 15.5 Dodging
 - Level 1.7 Stealth
 - Level 3.6 Spellcasting
 - Level 3.9 Conjurations
 * Level 22.1 Ice Magic
 - Level 15.2 Invocations


You had 7 spell levels left.
You knew the following spells:

 Your Spells              Type           Power        Failure   Level
b - Frozen Ramparts       Ice            ######       0%          3
c - Ozocubu's Armour      Ice            ########     0%          3
d - Summon Ice Beast      Ice/Summ       #######.     1%          4
e - Freezing Cloud        Conj/Ice/Air   #######...   11%         6
f - Apportation           Tloc           #.....       2%          1

Your spell library contained the following spells:

 Spells                   Type           Power        Failure   Level
 Freeze                   Ice            ####         0%          1
 Foxfire                  Conj/Fire      ###.         1%          1
 Magic Dart               Conj           ####         1%          1
 Shock                    Conj/Air       ###.         1%          1
 Ensorcelled Hibernation  Hex/Ice        ######       1%          2
 Searing Ray              Conj           ####..       1%          2
 Hailstorm                Conj/Ice       #######.     1%          4
 Ice Form                 Ice/Tmut       #######.     1%          4
 Metabolic Englaciation   Hex/Ice        #######...   1%          5
 Ozocubu's Refrigeration  Ice            ########..   1%          6
 Animate Skeleton         Necr           #.....       2%          1
 Beastly Appendage        Tmut           #.....       2%          1
 Corona                   Hex            #......      2%          1
 Pain                     Necr           #...         2%          1
 Sandblast                Erth           #.....       2%          1
 Sting                    Tmut/Pois      #...         2%          1
 Summon Small Mammal      Summ           #...         2%          1
 Blink                    Tloc           N/A          3%          2
 Call Imp                 Summ           #.......     3%          2
 Corpse Rot               Necr/Air       N/A          3%          2
 Poisonous Vapours        Pois/Air       #.....       3%          2
 Slow                     Hex            #.......     3%          2
 Sublimation of Blood     Necr           #.........   3%          2
 Wereblood                Tmut           #.......     3%          2
 Conjure Flame            Conj/Fire      ###.....     3%          3
 Dazzling Flash           Conj/Hex       ###...       3%          3
 Static Discharge         Conj/Air       ###.....     3%          3
 Stone Arrow              Conj/Erth      ###...       3%          3
 Mephitic Cloud           Conj/Pois/Air  ##......     4%          3
 Simulacrum               Ice/Necr       #######...   4%          6
 Call Canine Familiar     Summ           #.......     8%          3
 Confusing Touch          Hex            #.......     8%          3
 Gell's Gravitas          Tloc           #.........   8%          3
 Ignite Poison            Fire/Tmut/Pois #.......     8%          3
 Inner Flame              Hex/Fire       #.......     8%          3
 Lesser Beckoning         Tloc           #.........   8%          3
 Portal Projectile        Hex/Tloc       #.....       8%          3
 Spider Form              Tmut/Pois      #.........   8%          3
 Summon Guardian Golem    Hex/Summ       #.......     8%          3
 Teleport Other           Tloc           #.......     8%          3
 Tukima's Dance           Hex            #.......     8%          3
 Vampiric Draining        Necr           #.........   8%          3
 Fulminant Prism          Conj/Hex       ###.......   11%         4
 Iskenderun's Mystic Bla  Conj/Tloc      ###.....     11%         4
 Sticky Flame             Conj/Fire      ###.....     11%         4
 Iskenderun's Battlesphe  Conj           ####....     13%         5
 Airstrike                Air            #.........   24%         4
 Animate Dead             Necr           #.........   24%         4
 Cause Fear               Hex            #.........   24%         4
 Leda's Liquefaction      Hex/Erth       #.........   24%         4
 Olgreb's Toxic Radiance  Pois           #.......     24%         4
 Petrify                  Tmut/Erth      #.......     24%         4
 Summon Lightning Spire   Summ/Air       #.......     24%         4
 Lightning Bolt           Conj/Air       ###.......   28%         5
 Bolt of Magma            Conj/Fire/Erth ##........   34%         5
 Agony                    Necr           #.......     52%         5
 Alistair's Intoxication  Tmut/Pois      #........    52%         5
 Blade Hands              Tmut           #.........   52%         5
 Borgnjor's Vile Clutch   Necr/Erth      #.........   52%         5
 Silence                  Hex/Air        #.........   52%         5
 Yara's Violent Unravell  Hex/Tmut       #.........   52%         5
 Conjure Ball Lightning   Conj/Air       ###.......   82%         6
 Iron Shot                Conj/Erth      ###.......   82%         6
 Invisibility             Hex            #.......     97%         6
 Statue Form              Tmut/Erth      #........    97%         6
 Orb of Destruction       Conj           ####......   98%         7
 Dragon Form              Tmut           #.........   100%        7
 Malign Gateway           Summ/Tloc      #.........   100%        7
 Spellforged Servitor     Conj/Summ      ###.......   100%        7
 Summon Greater Demon     Summ           #.........   100%        7
 Absolute Zero            Ice            ########..   26%         9
 Chain Lightning          Conj/Air       ###.......   100%        8
 Ignition                 Fire           #.........   100%        8
 Necromutation            Tmut/Necr      #.........   100%        8
 Fire Storm               Conj/Fire      ###.......   100%        9
 Shatter                  Erth           #.........   100%        9
 Tornado                  Air            #.........   100%        9


Dungeon Overview and Level Annotations

Branches:
Dungeon (15/15)            Temple (1/1) D:5            Lair (6/6) D:10
  Swamp (4/4) Lair:4        Snake (4/4) Lair:4        Slime (1/5) Lair:5
    Orc (2/2) D:12            Elf (0/3) Orc:2        Vaults (1/5) D:14
 Bailey (visited)           IceCv (visited)
 Depths: D:15

Altars:
Ashenzari
Cheibriados
Fedhas
Gozag
Hepliaklqana
Makhleb
Nemelex Xobeh
Ru
Sif Muna
Wu Jian
Xom
The Shining One
Beogh
Jiyva

Shops:
D:6 [   D:8 [   D:14 *   Orc:2 }?(*   Snake:1 ::   Vaults:1 *

Portals:
Trove: D:11 (give +6 demon trident)

Annotations:
D:3 exclusion: oklob plant
Lair:2 exclusion: oklob plant
Lair:4 exclusion: orange crystal statue
Swamp:1 exclusion: orange crystal statue


Innate Abilities, Weirdness & Mutations

You can breathe bolts of dispelling energy.
Your rich purple scales are hard. (AC +10)
You cannot fit into any form of body armour.
You are cold-blooded and may be slowed by cold attacks.
You possess an exceptional clarity of mind.
You are frail. (-10% HP)
You are resistant to hostile enchantments. (MR+)
Your natural rate of healing is unusually fast.


Message History

The swamp dragon is engulfed in freezing vapours.
The swamp dragon is engulfed in freezing vapours.
You kill the swamp dragon!
Sif Muna accepts your kill.
The fenstrider witch points at you and mumbles some strange words.
You resist with almost no effort.
The fenstrider witch points at you and mumbles some strange words.
The toxic sludge reflects off an invisible shield around you!
The toxic sludge hits the fenstrider witch!
The fenstrider witch partially resists.
The fenstrider witch is poisoned.
The fenstrider witch blinks!
You miss the fenstrider witch.
The fenstrider witch is almost dead.
The fenstrider witch hits you!
* * * LOW HITPOINT WARNING * * *
The fenstrider witch completely misses you.
The fenstrider witch hits you.
* * * LOW HITPOINT WARNING * * *
The fenstrider witch kicks you!
You die...

♣♣ ♣♣♣♣♣♣♣
.≈♣♣♣.≈§≈.♣♣
≈≈......≈≈≈≈≈≈♣
≈§≈≈♣≈...≈≈≈≈..♣♣
≈≈≈.≈♣♣♣≈≈≈≈§≈§.♣♣
..≈.
≈≈≈...♣♣.≈≈≈≈≈≈≈§♣
≈...
≈≈≈≈..♣≈.≈≈≈.≈≈≈≈♣
≈≈.≈≈
...........♣♣≈≈≈@♣
≈≈≈≈
.≈≈..≈≈≈.♣♣♣♣≈.H.♣♣
...♣ ≈≈≈≈.≈≈≈§♣
♣..≈§.§♣♣♣..≈♣.≈
≈≈.≈§≈≈.♣♣
♣♣♣..§§§♣..≈...≈
..}....♣♣
♣♣♣♣§§§≈......
....♣♣♣♣
♣≈.§§§♣..♣.≈ ...♣♣
♣≈≈.§♣.≈≈≈.. ≈..♣♣
♣♣♣♣ ..≈≈≈≈.♣♣≈≈≈≈.
†...♣♣♣≈≈♣♣
♣♣≈(≈..≈≈♣≈≈≈≈♣


You could see a fenstrider witch (very poisoned).

Vanquished Creatures
  Jorgrun (Snake:1)
  The ghost of kae the Fencer, an adept MiFi of Qazlal (Snake:2)
  Kirke (Lair:4)
  7 nagarajas
  A fenstrider witch (Swamp:4)
  Aizul (Snake:1)
  A frost giant (IceCv)
  Louise (Snake:4)
  4 bunyips
  An eleionoma (Swamp:1)
  A great orb of eyes (Vaults:1)
  Josephine (Lair:5)
  Harold (D:12)
  A yaktaur captain (Vaults:1)
  A rakshasa (Vaults:1)
  6 boulder beetles
  20 naga warriors
  A catoblepas (Lair:6)
  18 hydras
  3 centaur warriors
  5 alligators
  3 ogre magi
  14 anacondas
  15 two-headed ogres
  A queen ant (D:10)
  13 death yaks
  10 shock serpents
  8 naga sharpshooters
  3 orc high priests (Orc:2)
  6 skeletal warriors
  5 salamander mystics (Snake:4)
  3 goliath frogs
  Nergalle (Orc:1)
  A sea snake (Snake:1)
  A wizard (D:14)
  7 naga ritualists
  5 unseen horrors
  4 spriggan druids
  A swamp dragon (Swamp:4)
  6 bog bodies
  5 lindwurms
  11 orc knights
  An ironbrand convoker (Vaults:1)
  Pikel (D:7)
  A necromancer (Vaults:1)
  6 ugly things (D:14)
  2 deep elf magi
  14 mana vipers
  5 orc sorcerers
  2 wolf spider zombies
  An oklob plant (Lair:2)
  3 cyclopes
  5 manticores
  3 will-o-the-wisps
  7 salamanders
  19 elephants
  35 black mambas
  9 guardian serpents
  2 vault sentinels (Vaults:1)
  8 cane toads
  23 naga magi
  A rime drake (shapeshifter) (D:14)
  7 centaur skeletons
  3 rime drakes
  2 kobold demonologists
  4 yaktaurs (D:14)
  7 komodo dragons
  9 tyrant leeches
  5 trolls
  3 meliai (D:15)
  6 hornets
  A harpy skeleton (D:14)
  Grinder (D:4)
  12 polar bears
  16 blink frogs
  7 dream sheep (Lair:6)
  A snapping turtle (shapeshifter) (D:14)
  A shadow (D:14)
  A centaur simulacrum (D:15)
  5 spriggans
  Sigmund (D:3)
  8 wyverns
  5 wraiths
  A vampire (D:11)
  55 yaks
  6 hogs (Lair:4)
  4 basilisks
  A basilisk (shapeshifter) (D:15)
  A steam dragon (D:9)
  4 wargs
  6 swamp worms
  46 nagas
  An acid dragon (D:15)
  16 water moccasins
  8 soldier ants (D:10)
  2 swamp drakes
  43 orc warriors
  An ice beast (D:12)
  A sky beast (D:12)
  3 necrophages
  2 eyes of draining
  3 black bears
  25 ogres
  3 phantoms
  15 centaurs
  25 wolves
  2 lemures (D:7)
  A big kobold (D:8)
  18 bullfrogs
  A gnoll sergeant (D:13)
  5 scorpions
  18 killer bees
  28 wights
  3 howler monkeys
  An electric eel (Lair:6)
  3 lava snakes (Lair:4)
  2 bullfrog zombies
  A quasit (D:9)
  A crimson imp (D:4)
  21 orc priests
  22 orc wizards
  2 bullfrog skeletons
  A centaur zombie (D:12)
  4 jellies
  4 hounds
  7 iguanas
  Natasha (thrice) (D:4)
  22 worker ants
  A killer bee zombie (D:7)
  Robin (D:4)
  4 hound skeletons
  A worker ant zombie (D:8)
  48 gnolls
  A howler monkey skeleton (D:8)
  12 adders
  A shadow imp (D:9)
  A white imp (D:5)
  An ufetubus (D:8)
  An adder skeleton (D:7)
  3 adder zombies
  2 worms (D:3)
  A dart slug (D:4)
  7 leopard geckos
  98 orcs
  5 giant cockroaches
  12 goblins
  12 hobgoblins
  8 jackals
  6 quokkas
  2 ball pythons
  6 bats
  3 frilled lizards
  A giant cockroach zombie (D:4)
  A goblin skeleton (D:9)
  A goblin zombie (D:9)
  3 hobgoblin zombies (D:9)
  25 kobolds
  2 kobold skeletons (D:9)
  2 kobold zombies (D:9)
  A leopard gecko skeleton (D:5)
  6 rats
1174 creatures vanquished.

Vanquished Creatures (collateral kills)
  Saint Roka (Snake:4)
  Gastronok (Lair:2)
  The ghost of Xoff the Fighter, a journeyman DsAK of Lugonu (Snake:2)
  A dire elephant (Lair:6)
  Snorg (Lair:5)
  An elephant (Lair:4)
  A wolf (IceCv)
7 creatures vanquished.

Vanquished Creatures (others)
  A hydra (Swamp:2)
  A bog body (Swamp:2)
  A tyrant leech (Swamp:2)
  7 bloated husks
  2 polar bears (IceCv)
  A dream sheep (Lair:6)
  3 yaks (IceCv)
  A swamp worm (Swamp:2)
  3 wolves (IceCv)
  An adder (D:9)
  4 briar patches (Swamp:1)
  2 bushes (Lair:6)
  8 foxfires
  39 fungi
  60 plants
  17 toadstools (D:3)
151 creatures vanquished.

Grand Total: 1332 creatures vanquished

Notes
Turn   | Place    | Note
-------+----------+-------------------------------------------
     0 | D:1      | Lanoc the Draconian Ice Elementalist began the quest for
                  | the Orb.
     0 | D:1      | Reached XP level 1. HP: 14/14 MP: 3/3
   322 | D:1      | Reached XP level 2. HP: 14/20 MP: 0/5
   974 | D:2      | Reached XP level 3. HP: 26/26 MP: 3/6
   979 | D:2      | Learned a level 3 spell: Frozen Ramparts
  1246 | D:2      | Reached skill level 5 in Ice Magic
  1338 | D:2      | Reached XP level 4. HP: 33/33 MP: 0/7
  1885 | D:3      | Noticed Sigmund
  2088 | D:3      | Killed Sigmund
  2088 | D:3      | Reached skill level 6 in Ice Magic
  2088 | D:3      | Reached XP level 5. HP: 32/38 MP: 1/8
  2537 | D:3      | Found a blossoming altar of Fedhas.
  2550 | D:3      | Noticed an oklob plant
  2944 | D:4      | Reached XP level 6. HP: 45/45 MP: 5/9
  2949 | D:4      | Learned a level 3 spell: Ozocubu's Armour
  3060 | D:4      | Noticed Natasha
  3069 | D:4      | Killed Natasha
  3192 | D:4      | Found a shimmering blue altar of Sif Muna.
  3270 | D:4      | Noticed Robin
  3291 | D:4      | Killed Robin
  3430 | D:4      | Reached skill level 7 in Ice Magic
  3616 | D:4      | Noticed Natasha
  3620 | D:4      | Killed Natasha
  3730 | D:4      | Noticed Natasha
  3735 | D:4      | Killed Natasha
  3735 | D:4      | Your scales start taking on a rich purple colour.
  3735 | D:4      | Reached XP level 7. HP: 41/50 MP: 5/10
  3815 | D:4      | Became a worshipper of Sif Muna the Loreminder
  4244 | D:4      | Reached skill level 1 in Invocations
  4466 | D:5      | Entered Level 5 of the Dungeon
  4615 | D:5      | Reached skill level 8 in Ice Magic
  4830 | D:5      | Reached XP level 8. HP: 57/57 MP: 7/11
  5048 | D:5      | Reached * piety under Sif Muna
  5186 | D:5      | Found a staircase to the Ecumenical Temple.
  5233 | Temple   | Entered the Ecumenical Temple
  5505 | D:4      | Noticed Grinder
  5533 | D:4      | Paralysed by Grinder for 4 turns
  5538 | D:4      | Killed Grinder
  5538 | D:4      | Reached skill level 5 in Dodging
  5608 | D:4      | Found a burning altar of Makhleb.
  5608 | D:4      | Found a shimmering altar of Xom.
  5796 | D:4      | Reached skill level 9 in Ice Magic
  6520 | D:6      | Found a broken altar of Ashenzari.
  6602 | D:6      | Reached XP level 9. HP: 45/62 MP: 12/12
  6755 | D:6      | Reached skill level 10 in Ice Magic
  6755 | D:6      | Reached skill level 5 in Invocations
  7105 | D:6      | Found Emetuenu's Armour Shoppe.
  7176 | D:7      | Found a snail-covered altar of Cheibriados.
  7438 | D:7      | Reached ** piety under Sif Muna
  7585 | D:7      | Got a smoking iron ring
  7587 | D:7      | Identified the ring of the Tormentor {*Contam rPois rF++
                  | Int+8} (You found it on level 7 of the Dungeon)
  7596 | D:7      | Reached skill level 11 in Ice Magic
  7976 | D:7      | Noticed a two-headed ogre
  7983 | D:7      | Reached XP level 10. HP: 69/69 MP: 9/14
  8000 | D:7      | Killed a two-headed ogre
  8257 | D:7      | Noticed Pikel
  8261 | D:7      | Killed Pikel
  8380 | D:7      | You fall into a shaft and drop 1 floor!
  8419 | D:8      | Found a sacrificial altar of Ru.
  8460 | D:8      | Found an ornate altar of the Wu Jian Council.
  8460 | D:8      | Found a hazy altar of Hepliaklqana.
  8461 | D:8      | Found a sparkling altar of Nemelex Xobeh.
  8515 | D:8      | Reached *** piety under Sif Muna
  8728 | D:8      | Reached skill level 12 in Ice Magic
  9039 | D:8      | Found an opulent altar of Gozag.
  9451 | D:8      | Found a roughly hewn altar of Beogh.
  9692 | D:8      | Reached **** piety under Sif Muna
  9918 | D:8      | Found Iwus's Armour Emporium.
  9922 | D:8      | Bought the +3 crown of Dyrovepreva {rElec Int+2 SInv} for
                  | 538 gold pieces
  9922 | D:8      | Found the +3 crown of Dyrovepreva {rElec Int+2 SInv}
 10325 | D:9      | Got a steaming hunting sling
 10325 | D:9      | Identified the +9 hunting sling of Rotation {flame, Dex+3}
                  | (You found it on level 9 of the Dungeon)
 10630 | D:9      | Reached XP level 11. HP: 64/73 MP: 14/17
 10818 | D:9      | Found a glowing golden altar of the Shining One.
 11102 | D:9      | Reached ***** piety under Sif Muna
 11493 | D:10     | Entered Level 10 of the Dungeon
 11496 | D:10     | Found a glowing golden altar of the Shining One.
 11557 | D:10     | Identified Sif Muna's Papyrus of the Traveller and Attacks
                  | (Sif Muna gifted it to you on level 10 of the Dungeon)
 11557 | D:10     | Received a gift from Sif Muna
 11572 | D:10     | Noticed a queen ant
 11592 | D:10     | Killed a queen ant
 11592 | D:10     | Reached skill level 13 in Ice Magic
 12369 | D:10     | Found a staircase to the Lair.
 12609 | D:10     | Noticed an unseen horror
 12628 | D:10     | Killed an unseen horror
 13030 | D:11     | Noticed a two-headed ogre
 13040 | D:11     | Killed a two-headed ogre
 13220 | D:11     | Noticed a seven-headed hydra
 13252 | D:11     | Killed a seven-headed hydra
 13397 | D:11     | Reached skill level 14 in Ice Magic
 13419 | D:11     | Got a masterwork dagger
 13419 | D:11     | Identified the +4 dagger "Mepnairoq" {holy, rElec} (You
                  | found it on level 11 of the Dungeon)
 13427 | D:11     | Found a portal to a secret trove of treasure.
 13452 | D:11     | Noticed an unseen horror
 13481 | D:11     | Killed an unseen horror
 13904 | D:11     | Reached XP level 12. HP: 57/80 MP: 19/19
 14165 | D:11     | Learned a level 4 spell: Summon Ice Beast
 14195 | D:11     | Reached skill level 10 in Invocations
 14225 | D:11     | Found a shimmering altar of Xom.
 14225 | D:11     | Found a shimmering altar of Xom.
 14226 | D:11     | Found a shimmering altar of Xom.
 14227 | D:11     | Found a shimmering altar of Xom.
 14227 | D:11     | Found a shimmering altar of Xom.
 14338 | D:11     | Noticed an eight-headed hydra
 14359 | D:11     | Killed an eight-headed hydra
 14542 | D:12     | Noticed a four-headed hydra
 14543 | D:12     | Identified Sif Muna's Grimoire of the Captivating Glacier
                  | (Sif Muna gifted it to you on level 12 of the Dungeon)
 14543 | D:12     | Received a gift from Sif Muna
 14558 | D:12     | Killed a four-headed hydra
 14584 | D:12     | Found a flagged portal.
 14616 | Bailey   | Entered a bailey
 15013 | Bailey   | Gained mutation: Your body sometimes deteriorates upon
                  | taking damage. [potion of mutation]
 15013 | Bailey   | Gained mutation: Your flesh is heat resistant. (rF+)
                  | [potion of mutation]
 15013 | Bailey   | Gained mutation: You expend magic power (3 MP) to
                  | strengthen your wands. [potion of mutation]
 15013 | Bailey   | Gained mutation: You can translocate small distances at
                  | will. [potion of mutation]
 15734 | D:12     | Noticed an eight-headed hydra
 15744 | D:12     | Killed an eight-headed hydra
 15944 | D:12     | Reached skill level 10 in Dodging
 15985 | D:12     | Reached skill level 15 in Ice Magic
 16242 | D:12     | Found a staircase to the Orcish Mines.
 16243 | D:12     | Reached XP level 13. HP: 86/86 MP: 21/21
 16406 | D:13     | Identified Sif Muna's Almanac of Mutagenic Beguiling (Sif
                  | Muna gifted it to you on level 13 of the Dungeon)
 16406 | D:13     | Received a gift from Sif Muna
 17053 | D:13     | Learned a level 1 spell: Apportation
 17421 | D:14     | Reached skill level 16 in Ice Magic
 17657 | D:14     | Found Wiray's General Store.
 18116 | D:14     | Reached XP level 14. HP: 93/93 MP: 23/23
 18692 | D:14     | Identified a scroll of acquirement
 18698 | D:14     | Acquired a +0 pair of boots of running
 18896 | D:14     | Identified Sif Muna's Volume of the Traveller and Venom
                  | (Sif Muna gifted it to you on level 14 of the Dungeon)
 18896 | D:14     | Received a gift from Sif Muna
 19133 | D:14     | Found a gate to the Vaults.
 19955 | D:15     | Entered Level 15 of the Dungeon
 19969 | D:15     | Reached skill level 17 in Ice Magic
 20702 | D:15     | Paralysed by a meliai for 6 turns
 22978 | Orc:1    | Entered Level 1 of the Orcish Mines
 23125 | Orc:1    | Noticed Nergalle
 23136 | Orc:1    | Killed Nergalle
 23173 | Orc:1    | Noticed Harold
 23517 | D:12     | Killed Harold
 24014 | Orc:2    | Entered Level 2 of the Orcish Mines
 25187 | Orc:1    | Reached skill level 18 in Ice Magic
 25617 | Orc:2    | Found a staircase to the Elven Halls.
 25671 | Orc:2    | Identified Zugraig's Guide on Intoxication (Sif Muna gifted
                  | it to you on level 2 of the Orcish Mines)
 25671 | Orc:2    | Received a gift from Sif Muna
 25861 | Orc:2    | Reached XP level 15. HP: 99/99 MP: 25/25
 25981 | Orc:2    | Found Xuiriff's General Store.
 26445 | Orc:2    | Learned a level 7 spell: Orb of Destruction
 26524 | Orc:2    | Found Putucvub's Gadget Emporium.
 26528 | Orc:2    | Reached skill level 1 in Conjurations
 26544 | Orc:2    | Reached skill level 1 in Fighting
 26907 | Orc:2    | Found Wiogisyj's Magic Scroll Boutique.
 26909 | Orc:2    | Found Iraset's Weapon Boutique.
 26994 | Orc:2    | Bought a scroll of blinking for 105 gold pieces
 27109 | Lair:1   | Entered Level 1 of the Lair of Beasts
 28392 | Lair:2   | Noticed Gastronok
 28422 | Lair:2   | Killed Gastronok
 31162 | Lair:4   | Found a staircase to the Snake Pit.
 31223 | Lair:4   | Identified Kifej's Volume of Congealing Execration (Sif
                  | Muna gifted it to you on level 4 of the Lair of Beasts)
 31223 | Lair:4   | Received a gift from Sif Muna
 31455 | Lair:4   | Noticed Kirke
 31479 | Lair:4   | Killed Kirke
 31656 | Lair:4   | Found a staircase to the Swamp.
 31791 | Lair:4   | Found a transporter.
 31793 | Lair:4   | Found a transporter.
 31835 | Lair:4   | Acquired an uncursed staff of cold
 32844 | Lair:5   | Noticed Josephine
 33435 | Lair:5   | Found a staircase to the Slime Pits.
 33435 | Lair:5   | Found a viscous altar of Jiyva.
 33455 | Lair:5   | Killed Josephine
 34147 | Lair:5   | Noticed Snorg
 34166 | Lair:5   | Killed Snorg
 34410 | Slime:1  | Entered Level 1 of the Pits of Slime
 34431 | Lair:6   | Entered Level 6 of the Lair of Beasts
 34536 | Lair:6   | Found a frozen archway.
 34545 | IceCv    | Entered an ice cave
 34755 | IceCv    | Reached skill level 5 in Fighting
 35278 | IceCv    | Noticed a frost giant
 35468 | IceCv    | Reached XP level 16. HP: 67/119 MP: 22/26
 35715 | IceCv    | Identified Sif Muna's Compendium of Creation and
                  | Weightlessness (Sif Muna gifted it to you in an ice cave)
 35715 | IceCv    | Received a gift from Sif Muna
 35743 | IceCv    | Learned a level 6 spell: Freezing Cloud
 36928 | Lair:6   | Reached skill level 19 in Ice Magic
 36970 | Lair:6   | Lost mutation: Your body sometimes deteriorates upon taking
                  | damage. [potion of mutation]
 36970 | Lair:6   | Lost mutation: Your flesh is heat resistant. (rF+) [potion
                  | of mutation]
 36970 | Lair:6   | Lost mutation: You expend magic power (3 MP) to strengthen
                  | your wands. [potion of mutation]
 36970 | Lair:6   | Gained mutation: You are occasionally teleported next to
                  | monsters. [potion of mutation]
 36970 | Lair:6   | Gained mutation: Scrolls take you a little longer to read.
                  | [potion of mutation]
 36970 | Lair:6   | Gained mutation: You are resistant to hostile enchantments.
                  | (MR+) [potion of mutation]
 36971 | Lair:6   | Lost mutation: Scrolls take you a little longer to read.
                  | [potion of mutation]
 36971 | Lair:6   | Lost mutation: You are resistant to hostile enchantments.
                  | (MR+) [potion of mutation]
 36971 | Lair:6   | Gained mutation: You are frail. (-10% HP) [potion of
                  | mutation]
 36971 | Lair:6   | Gained mutation: Your natural rate of healing is unusually
                  | fast. [potion of mutation]
 36972 | Lair:6   | Lost mutation: You can translocate small distances at will.
                  | [potion of mutation]
 36972 | Lair:6   | Lost mutation: You are frail. (-10% HP) [potion of
                  | mutation]
 36972 | Lair:6   | Lost mutation: You are occasionally teleported next to
                  | monsters. [potion of mutation]
 36972 | Lair:6   | Gained mutation: You are resistant to hostile enchantments.
                  | (MR+) [potion of mutation]
 36972 | Lair:6   | Gained mutation: You are frail. (-10% HP) [potion of
                  | mutation]
 36972 | Lair:6   | Gained mutation: You possess an exceptional clarity of
                  | mind. [potion of mutation]
 38397 | Lair:6   | Identified Sif Muna's Incunabulum of Icy Necromancy (Sif
                  | Muna gifted it to you on level 6 of the Lair of Beasts)
 38397 | Lair:6   | Received a gift from Sif Muna
 38711 | Lair:6   | Reached skill level 15 in Invocations
 39165 | Snake:1  | Entered Level 1 of the Snake Pit
 39759 | Snake:1  | Found Ditwam's Book Boutique.
 39842 | Snake:1  | Found Awu Fios's Book Shop.
 39948 | Snake:1  | Noticed Jorgrun
 39975 | Snake:1  | Killed Jorgrun
 40300 | Snake:1  | Noticed Aizul
 40316 | Snake:1  | Killed Aizul
 40926 | Snake:2  | Reached XP level 17. HP: 120/120 MP: 8/28
 41352 | Snake:2  | Reached skill level 20 in Ice Magic
 41555 | Snake:2  | Identified Sif Muna's Compendium of Changing and Battle
                  | Magic (Sif Muna gifted it to you on level 2 of the Snake
                  | Pit)
 41555 | Snake:2  | Received a gift from Sif Muna
 41932 | Snake:2  | Got an ebony falchion
 41932 | Snake:2  | Identified the +3 falchion of the Kidney {vorpal, *Noise
                  | MP+9 Dex+4} (You found it on level 2 of the Snake Pit)
 42170 | Snake:2  | Found a runed translucent gate.
 42170 | Snake:2  | Found a runed translucent gate.
 42170 | Snake:2  | Found a runed translucent gate.
 42170 | Snake:2  | Noticed Xoff's ghost (journeyman DsAK)
 42171 | Snake:2  | Noticed kae's ghost (adept MiFi)
 42300 | Snake:2  | Killed kae's ghost
 42433 | Snake:2  | Killed Xoff's ghost
 42983 | Snake:3  | Acquired the amulet of the Spinneret {Reflect Str+2 SH+5}
 44770 | Snake:4  | Entered Level 4 of the Snake Pit
 45677 | Snake:4  | Reached skill level 10 in Fighting
 45730 | Snake:4  | Identified Sif Muna's Introduction to Witchery (Sif Muna
                  | gifted it to you on level 4 of the Snake Pit)
 45730 | Snake:4  | Received a gift from Sif Muna
 46216 | Snake:4  | Noticed Saint Roka
 46225 | Snake:4  | Reached skill level 21 in Ice Magic
 46500 | Snake:4  | Noticed Louise
 46526 | Snake:4  | Killed Louise
 46733 | Snake:4  | Reached XP level 18. HP: 89/134 MP: 15/29
 47337 | Snake:4  | Killed Saint Roka
 48668 | Snake:4  | Reached skill level 15 in Dodging
 48831 | Snake:4  | Got a serpentine rune of Zot
 49213 | Vaults:1 | Entered Level 1 of the Vaults
 49274 | Vaults:1 | Found Tybic's Assorted Antiques.
 49325 | Vaults:1 | Received a gift from Sif Muna
 49354 | Vaults:1 | Found a flickering gateway to a bazaar.
 49359 | Bazaar   | Entered a bazaar
 49414 | Bazaar   | Found Suserir's Antique Weapon Boutique.
 49418 | Bazaar   | Found Judixt's Assorted Antiques.
 49418 | Bazaar   | Found Neodwoch's Magic Scroll Boutique.
 49419 | Bazaar   | Found Evag's Antique Weapon Boutique.
 49444 | Bazaar   | Bought a potion of curing for 54 gold pieces
 49444 | Bazaar   | Bought a scroll of teleportation for 54 gold pieces
 49459 | Bazaar   | Bought a scroll of teleportation for 36 gold pieces
 49459 | Bazaar   | Bought a scroll of blinking for 90 gold pieces
 49459 | Bazaar   | Bought a scroll of holy word for 90 gold pieces
 49459 | Bazaar   | Bought a scroll of magic mapping for 42 gold pieces
 49463 | Bazaar   | Bought a scroll of silence for 90 gold pieces
 51040 | Swamp:1  | Entered Level 1 of the Swamp
 51762 | Swamp:1  | Found a transporter.
 51763 | Swamp:1  | Found the cursed +14 obsidian axe {vorpal, +Fly SInv
                  | *Curse}
 51780 | Swamp:1  | Found a transporter.
 53750 | Swamp:2  | Identified the +1 trident of the Skies Above {vorpal, +Rage
                  | rPois Dex+3 SInv} (You found it on level 2 of the Swamp)
 53994 | Swamp:3  | Reached skill level 22 in Ice Magic
 54666 | Swamp:3  | Identified the +4 whip "Rangiat" {vorpal, Dex+3} (You found
                  | it on level 3 of the Swamp)
 55257 | Swamp:4  | Entered Level 4 of the Swamp
 55655 | Swamp:4  | Slain by a fenstrider witch

Illustrated notes

Levels and vault maps discovered:
D:1:      dpeg_arrival_stone_temple_mockup, layout_basic
D:2:      layout_rooms
D:3:      layout_basic, tgw_fedhas, uniq_sigmund
D:4:      minmay_polygon_palace, layout_loops_corners,
          grunt_temple_overflow_champion_of_chaos, lemuel_blue_sif_altar,
          uniq_grinder, uniq_robin, uniq_natasha
D:5:      layout_basic, temple_green
D:6:      layout_basic, lemuel_crystal_altar, serial_shops,
          nicolae_shop_statue_plus
D:7:      minmay_the_grid_octo_tiled_squarecenter
          [minmay_the_grid_octo_tetromino_candy, minmay_the_grid_octo_clover,
          minmay_the_grid_octo_teeth, minmay_the_grid_octo_clover_2,
          minmay_the_grid_square_5x5_megaprize_diamond,
          minmay_the_grid_square_5x5_checkered,
          minmay_the_grid_square_5x5_inverted_slash,
          minmay_the_grid_square_5x5_fat_x, minmay_the_grid_square_5x5_spiral],
          layout_loops_ring, lemuel_crystal_altar, uniq_pikel
D:8:      layout_basic, kennysheep_mini_moat, gammafunk_temple_overflow_claw,
          lemuel_round_altar, special_room [special_room_orc], serial_shops,
          shop, serial_park_tiny_pond, sigmund_army
D:9:      layout_basic, nicolae_tso_besieged_by_evil, grunt_ministairs_11,
          mrwooster_statue_mirror, st_stairs_10, minivault_26,
          serial_park_tiny_pond, solitary_fountain
D:10:     layout_irregular_city, david_lair_shrubbed, basic_altar,
          minmay_another_anthill
D:11:     layout_roguey, nicolae_trove_entry_crossroad, xom_redecorated
D:12:     layout_rooms, orc_0_dummy, lightli_bailey_entry_fortress
D:13:     layout_irregular_city, hangedman_glass_teeth
D:14:     layout_loops_ring, hangedman_vaults_entry_quadrant_bands, special_room
          [special_room_orc], serial_shops, nicolae_shop_trees,
          dk_noncrumbling_2, minmay_holes, unseen_surprise_small
D:15:     grunt_enter_depths_hoard, layout_rooms, minmay_unpleasant_kobolds
Temple:   jpeg_temple_clearing
Lair:1:   layout_cave_pods, st_stairs_3
Lair:2:   layout_regular_city, grunt_megastairs_3, minmay_lair_oklob_chamber,
          uniq_gastronok
Lair:3:   layout_hall_layers, st_stairs_5
Lair:4:   gammafunk_boulding_lane, layout_cave_pods, swamp_mist,
          minmay_snake_entry_guardpost_medium, disabler_island, uniq_kirke
Lair:5:   layout_loops_ring, slime_altar_1, grunt_megastairs_5,
          serial_bayou_shore_b, uniq_snorg, uniq_josephine
Lair:6:   hangedman_lair_in_review, layout_hall_layers,
          portal_ice_cave_entry_pillars_2, infiniplex_staircase_pool,
          lemuel_fruit_fields, serial_bayou_shore_b
Swamp:1:  gammafunk_sealed_arena, layout_falls_marsh,
          evilmike_swamp_ruin_house_2, swamp_pool5
Swamp:2:  layout_basic_swamp, serial_swamp_ruin, evilmike_swamp_ruin_house_5,
          evilmike_swamp_ruin_house_1, evilmike_swamp_ruin_rubble_1,
          swamp_pool2, roderic_carrion_pond
Swamp:3:  layout_basic_swamp, nicolae_swamp_treefoil
Swamp:4:  swamp, layout_basic_swamp, gammafunk_ghost_necromancy, swamp_pool4,
          grunt_lady_of_the_lake
Snake:1:  layout_gridlike, minmay_snake_pond, minmay_shoptagon, uniq_jorgrun,
          uniq_aizul
Snake:2:  layout_grid_maze, gammafunk_ghost_cemetery
Snake:3:  layout_layer_cave
Snake:4:  snake_pit_salamanders_mu, layout_chambers, uniq_louise,
          uniq_saint_roka
Slime:1:  layout_caves
Orc:1:    layout_caves, uniq_harold, uniq_nergalle
Orc:2:    st_orc_elflike, layout_caves
Vaults:1: vaults_room_octagon, nicolae_vaults_gold_heap, grunt_vaults_focal,
          ontoclasm_vaults_misaligned, v_misc_27, v_misc_3,
          dpeg_vaults_monster_box, ontoclasm_vaults_gateway,
          layout_vaults_omnigrid, serial_shops, bzr_entry_road,
          nicolae_shop_trees

Skill      XL: |  1  2  3  4  5  6  7  8  9 10 11 12 13 14 15 16 17 18 |
---------------+-------------------------------------------------------+-----
Dodging        | 2 3 4 5 7 8 9 10 11 12 13 14 15 | 15.5
Ice Magic      | 5 6 7 8 9 11 12 14 15 16 18 19 21 22 | 22.1
Invocations    | 2 4 6 8 9 11 12 13 14 15 | 15.2
Conjurations   | 3 |  3.9
Fighting       | 5 8 10 12 | 12.1
Spellcasting   | 3 |  3.6
Stealth        | |  1.7

Action                   |  1- 3 |  4- 6 |  7- 9 | 10-12 | 13-15 | 16-18 || total
-------------------------+-------+-------+-------+-------+-------+-------++-------
Melee: Unarmed           |    42 |    24 |   193 |       |       |       ||   259
       Tailslap          |     3 |     5 |    17 |    50 |   109 |    86 ||   270
       Scimitar          |       |       |    10 |   210 |       |       ||   220
       Dagger            |       |       |       |   185 |   750 |       ||   935
       Staff             |       |       |       |       |   199 |   699 ||   898
Throw: Dart              |       |       |       |       |     5 |     7 ||    12
 Cast: Freeze            |    44 |    14 |    25 |     1 |     2 |       ||    86
       Frozen Ramparts   |     2 |    22 |    68 |   113 |   225 |   170 ||   600
       Ozocubu's Armour  |       |       |       |       |     4 |     2 ||     6
       Summon Ice Beast  |       |       |       |       |    15 |    38 ||    53
       Freezing Cloud    |       |       |       |       |       |   279 ||   279
Invok: Channel Magic     |       |       |       |       |       |     2 ||     2
 Abil: Breathe Dispellin |       |       |    30 |    24 |    70 |     1 ||   125
Evoke: Wand              |       |       |    14 |       |       |     9 ||    23
       Lightning rod     |       |       |       |       |       |     8 ||     8
       Box of beasts     |       |       |       |       |       |     2 ||     2
       Tin of tremorston |       |       |       |       |       |     2 ||     2
  Use: Scroll            |       |       |     9 |     6 |    19 |    22 ||    56
       Potion            |       |       |       |     7 |     1 |    19 ||    27
 Stab: Sleeping          |       |     1 |     1 |     1 |       |       ||     3
       Distracted        |       |       |       |     1 |       |       ||     1
Armor: Skin              |    38 |    16 |    84 |   162 |   416 |   259 ||   975
Dodge: Dodged            |    54 |    25 |   167 |   467 |  1177 |   930 ||  2820
Block: Other             |       |       |       |       |       |   116 ||   116
       Reflection        |       |       |       |       |       |    17 ||    17
       Rpst.: Scimitar   |       |       |     1 |    60 |       |       ||    61

Table legend: (Time is in decaauts)
 A = Elapsed time spent in this place.
 B = Non-inter-level travel time spent in this place.
 C = Inter-level travel time spent in this place.
 D = Time resting spent in this place.
 E = Time spent auto-exploring this place.
 F = Levels seen in this place.
 G = Mean time per level.
                   A        B        C        D        E       F      G
               +--------+--------+--------+--------+--------+-----+--------+
         Total |  54512 |  52638 |   1874 |   5366 |  36375 |  37 | 1473.3 |
       Dungeon |  22722 |  21796 |    926 |   1408 |  16149 |  15 | 1514.8 |
        Temple |      1 |      1 |      0 |      0 |      0 |   1 |    1.0 |
          Lair |  10304 |   9918 |    386 |   1125 |   6714 |   6 | 1717.3 |
         Swamp |   4045 |   3902 |    143 |    332 |   2914 |   4 | 1011.2 |
     Snake Pit |   9302 |   8983 |    319 |    884 |   6260 |   4 | 2325.5 |
    Slime Pits |      1 |      1 |      0 |      0 |      0 |   1 |    1.0 |
  Orcish Mines |   3611 |   3533 |     78 |    903 |   1804 |   2 | 1805.5 |
        Vaults |   1286 |   1265 |     21 |    279 |    566 |   1 | 1286.0 |
        Bazaar |    116 |    116 |      0 |      0 |     79 |   1 |  116.0 |
        Bailey |    748 |    748 |      0 |      0 |    573 |   1 |  748.0 |
      Ice Cave |   2370 |   2370 |      0 |    432 |   1313 |   1 | 2370.0 |
               +--------+--------+--------+--------+--------+-----+--------+

Top non-repeatable levels by time:
 Snake:4: 4055 daAuts
    D:14: 3999 daAuts
  Lair:4: 3079 daAuts
   IceCv: 2370 daAuts
  Lair:6: 2197 daAuts
     D:4: 2113 daAuts
 Snake:3: 1955 daAuts
 Snake:2: 1946 daAuts
   Orc:2: 1892 daAuts
   Orc:1: 1719 daAuts
  Lair:5: 1615 daAuts
     D:8: 1599 daAuts
    D:10: 1583 daAuts
     D:7: 1554 daAuts
    D:11: 1550 daAuts
